 Dungeon Crawl Stone Soup version 0.31-a0-188-g5e087ee2ca (webtiles) character file.

Game seed: 6154233971481561015

112 qw the Skirmisher (level 4, -1/25 HPs)
             Began as a Deep Elf Hunter on June 23, 2023.
             Slain by Grinder (2 damage)
             ... while paralysed by Grinder
             ... on level 3 of the Dungeon.
             The game lasted 00:00:46 (2078 turns).

qw the Skirmisher (Deep Elf Hunter)                 Turns: 2078, Time: 00:00:47

Health: -1/25      AC:  7    Str: 10    XL:     4   Next: 64%
Magic:  6/6        EV:  2    Int: 14    God:
Gold:   83         SH:  0    Dex: 18    Spells: 3/3 levels left

rFire   . . .        Y - +0 shortbow (freeze)
rCold   . . .        (shield currently unavailable)
rNeg    . . .        a - +0 ring mail
rPois   .            e - +0 helmet
rElec   .            (no cloak)
rCorr   .            (no gloves)
SInv    .            i - +0 pair of boots
Will    .....        (no amulet)
Stlth   +            (no ring)
HPRegen 0.24/turn    (no ring)
MPRegen 0.10/turn

%: no passive effects
@: paralysed
A: no striking features
a: no special abilities


You were on level 3 of the Dungeon.
You visited 1 branch of the dungeon, and saw 3 of its levels.

You collected 139 gold pieces.
You spent 56 gold pieces at shops.


   Skills:
 - Level 1.5 Fighting
 + Level 8.0 Ranged Weapons
 - Level 2.4 Dodging
 - Level 1.2 Stealth


You had 3 spell levels left.
You didn't know any spells.
Your spell library was empty.

Inventory:

Hand Weapons
 Y - a +0 shortbow of freezing (weapon)
Armour
 a - a +0 ring mail (worn)
 e - a +0 helmet (worn)
 i - a +0 pair of boots (worn)
Scrolls
 g - a scroll of identify
Potions
 c - a potion of heal wounds {unknown}
 d - a potion of might
 h - a potion of magic {unknown}

Dungeon Overview and Level Annotations

Branches:
Dungeon (3/15)

Altars:

Shops:
D:3 *

Annotations:
D:3 Grinder


Message History

Found a stone staircase leading down.
Enter note:
Enter note:
Enter note:
There is a stone staircase leading down here.
Grinder is nearby!
Enter note:
Enter note:
Enter note: You shoot an arrow.
The arrow closely misses Grinder.
You shoot an arrow. The arrow hits Grinder.
Grinder is lightly wounded.
You shoot an arrow. The arrow hits Grinder.
Grinder is lightly wounded.
You shoot an arrow. The arrow barely misses Grinder.
You shoot an arrow. The arrow hits Grinder!
Grinder is moderately wounded.
Grinder hits you!
You shoot an arrow.
The arrow hits Grinder but does no damage.
Grinder is moderately wounded.
Grinder closely misses you.
You shoot an arrow.
The arrow hits Grinder but does no damage.
Grinder is moderately wounded.
Grinder hits you.
You shoot an arrow. The arrow barely misses Grinder.
Grinder hits you but does no damage.
You shoot an arrow. The arrow hits Grinder.
Grinder is heavily wounded.
Grinder closely misses you.
You shoot an arrow.
The arrow hits Grinder but does no damage.
Grinder is heavily wounded.
Grinder hits you!
You writhe in agony.
Grinder gestures at you.
You suddenly lose the ability to move!
Grinder hits you but does no damage. x2
Grinder hits you.
You writhe in agony.
You die...

#### ## #...# ##
#...# . )# #...#
#.# .## #...##..$.
... ##$....# #..
##...####
#..######.....###.
#....##..###.##..
########....##
#@##.#
##.........##
#5##.#
##.#######5###
#.##.# ...# #...#
#>##.# .###
###.###.##.#
.))### #...#.#..#
##)..## ###.#..)##
..##..## #.###<###
#. ##..##
#......<#


You could see Grinder.

Vanquished Creatures
  2 orc wizards (D:3)
  An adder (D:2)
  3 orcs (D:3)
  3 endoplasms (D:1)
  5 goblins
  5 hobgoblins
  9 jackals (D:2)
  4 quokkas
  2 ball pythons (D:2)
  3 bats
  3 frilled lizards
  3 kobolds
  4 rats
47 creatures vanquished.

Notes
Turn   | Place    | Note
-------+----------+-------------------------------------------
     0 | D:1      | qw the Deep Elf Hunter began the quest for the Orb.
     0 | D:1      | Reached XP level 1. HP: 12/12 MP: 3/3
     0 | D:1      | 0 ||| qw: Version: 0.3-a-9-g12657ce
     0 | D:1      | 0 ||| qw: Game counter: 3906
     0 | D:1      | 0 ||| qw: Always use a shield: true
     0 | D:1      | 0 ||| qw: God list: Okawaru
     0 | D:1      | 0 ||| qw: Allow faded altars: false
     0 | D:1      | 0 ||| qw: Do Orc after D:15 true
     0 | D:1      | 0 ||| qw: Do second Lair branch before Depths: true
     0 | D:1      | 0 ||| qw: Lair rune preference: random
     0 | D:1      | 0 ||| qw: Plans: Normal
     0 | D:1      | 0 ||| PLANNING D:1-11
    48 | D:1      | 48 ||| Stepping ~*~*~tactically~*~*~ (water).
    50 | D:1      | 50 ||| Stepping ~*~*~tactically~*~*~ (water).
   465 | D:1      | Reached skill level 6 in Ranged Weapons
   465 | D:1      | Reached XP level 2. HP: 16/16 MP: 4/4
   542 | D:1      | You fall into a shaft and drop 1 floor!
   681 | D:2      | 681 ||| UPGRADING to +0 helmet.
   686 | D:2      | 686 ||| UPGRADING to +0 pair of boots.
   691 | D:2      | 691 ||| READING scroll labelled XYSHET IRR.
   692 | D:2      | 692 ||| READING scroll labelled HIWEOW MOSAWAS.
   693 | D:2      | 693 ||| READING scroll labelled XEOLUWUTEO.
   694 | D:2      | 694 ||| READING scroll labelled JEEMPA NANU.
   695 | D:2      | 695 ||| DROPPING scroll of butterflies.
   698 | D:2      | 698 ||| FLEEEEING.
   699 | D:2      | 699 ||| STAIRDANCE
  1074 | D:1      | 1074 ||| DRINKING 2 red potions.
  1075 | D:1      | 1075 ||| DRINKING 2 viscous blue potions.
  1076 | D:1      | 1076 ||| DROPPING potion of attraction.
  1123 | D:2      | Reached XP level 3. HP: 20/20 MP: 5/5
  1305 | D:2      | Found a faded altar of an unknown god.
  1460 | D:2      | Reached skill level 7 in Ranged Weapons
  1582 | D:2      | 1582 ||| UPGRADING to +0 scale mail.
  1592 | D:2      | 1592 ||| DROPPING +0 leather armour.
  1593 | D:2      | 1593 ||| READING 3 scrolls labelled VEJIDDITHA.
  1594 | D:2      | 1594 ||| DRINKING 2 murky yellow potions.
  1595 | D:2      | 1595 ||| DROPPING 2 scrolls of revelation.
  1637 | D:3      | Found Udeymm's General Store.
  1646 | D:3      | 1646 ||| BUYING scroll of identify (28 gold).
  1646 | D:3      | Bought a scroll of identify for 28 gold pieces
  1646 | D:3      | 1646 ||| BUYING scroll of identify (28 gold).
  1646 | D:3      | Bought a scroll of identify for 28 gold pieces
  1681 | D:3      | 1681 ||| DRINKING potion of curing.
  1681 | D:3      | 1681 ||| (to cure confusion)
  1688 | D:3      | Reached XP level 4. HP: 18/25 MP: 6/6
  1699 | D:3      | Reached skill level 8 in Ranged Weapons
  1882 | D:3      | Identified the +6 falchion of Prudence {freeze, rElec rPois
                  | MP+9 Dex-3}
  1936 | D:3      | Noticed Grinder
  1944 | D:3      | HP: 5/25 [Grinder (5)]
  1944 | D:3      | HP: 1/25 [Grinder (4)]
  1950 | D:3      | 1950 ||| FLEEEEING.
  1951 | D:3      | 1951 ||| FLEEEEING.
  1956 | D:3      | 1956 ||| FLEEEEING.
  1961 | D:3      | 1961 ||| FLEEEEING.
  1962 | D:3      | 1962 ||| FLEEEEING.
  1965 | D:3      | 1965 ||| STAIRDANCE
  2039 | D:2      | 2039 ||| UPGRADING to +0 ring mail.
  2049 | D:2      | 2049 ||| DROPPING +0 scale mail.
  2050 | D:2      | 2050 ||| READING scroll labelled EHIEZ DEIWOMETZ.
  2051 | D:2      | 2051 ||| READING 2 scrolls of identify.
  2051 | D:2      | 2051 ||| IDENTIFYING metallic black potion
  2052 | D:2      | 2052 ||| DROPPING potion of berserk rage.
  2075 | D:3      | HP: 1/25 [Grinder (6)]
  2075 | D:3      | Paralysed by Grinder for 4 turns
  2078 | D:3      | Slain by Grinder

Levels and vault maps discovered:
D:1:      minmay_arrival_nine_rooms, layout_loops_ring, serial_bayou_crossing
D:2:      layout_rooms, chequers_ecumenical_altar_twisty,
          minmay_increasing_density
D:3:      layout_rooms, serial_shops, shop, minmay_goblin_kobold_house,
          uniq_grinder, uniq_sigmund

Skill      XL: |  1  2  3  4 |
---------------+-------------+-----
Ranged Weapons | 6 7 8 |  8.0
Fighting       | |  1.5
Dodging        | |  2.4
Stealth        | |  1.2

Action                     |  1- 3 |  4- 6 || total
---------------------------+-------+-------++-------
   Fire: Shortbow          |   120 |    36 ||   156
    Use: Scroll            |     5 |     2 ||     7
         Potion            |     4 |       ||     4
 Armour: Leather armour    |    17 |       ||    17
         Scale mail        |    10 |     7 ||    17
         Ring mail         |       |     3 ||     3
  Dodge: Dodged            |    49 |    11 ||    60

Table legend:
 A = Non-vault XP
 B = Vault XP
 C = Vault XP percentage of total XP
 D = Non-vault monster count
 E = Vault monster count
 F = Vault count percentage of total count
                 A         B        C        D         E       F
            +---------+---------+-------+---------+---------+-------
      Total |     154 |       7 |   4.3 |      42 |       5 |  10.6
            +---------+---------+-------+---------+---------+-------
        D:1 |      19 |       0 |   0.0 |      12 |       0 |   0.0
        D:2 |      50 |       7 |  12.3 |      21 |       5 |  19.2
        D:3 |      85 |       0 |   0.0 |       9 |       0 |   0.0
            +---------+---------+-------+---------+---------+-------
